 Dungeon Crawl Stone Soup version 0.24-a0-416-g56ce5178b7 (webtiles) character file.

Game seed: 11040540809056100420

14 HAL9000 the Ruffian (level 2, -5/23 HPs)
             Began as a Draconian Transmuter on June 9, 2019.
             Slain by a gnoll
             ... wielding a +0 spear
              (6 damage)
             ... on level 1 of the Dungeon.
             The game lasted 00:00:22 (317 turns).

HAL9000 the Ruffian (Draconian Transmuter)           Turns: 317, Time: 00:00:22

Health: -5/23      AC:  4    Str: 12    XL:     2   Next: 27%
Magic:  4/5        EV: 12    Int: 13    God:
Gold:   14         SH:  0    Dex: 11    Spells: 4/5 levels left

rFire    . . .     SeeInvis .     - Unarmed
rCold    . . .     Gourm    .   (no shield)
rNeg     . . .     Faith    .   (armour unavailable)
rPois    .         Spirit   .   (helmet restricted)
rElec    .         Reflect  .   (no cloak)
rCorr    .         Harm     .   (no gloves)
MR       .....                  (boots currently unavailable)
Stlth    +.........             (no amulet)
HPRegen  0.07/turn              (no ring)
MPRegen  0.09/turn              (no ring)

@: appendage
A: unfitting armour, talons 3, cold-blooded, AC +4
a: End Transformation


You were on level 1 of the Dungeon.
You were not hungry.
You had grown temporary talons.
You visited 1 branch of the dungeon, and saw 1 of its levels.

You collected 14 gold pieces.

Inventory:

Missiles
 a - 12 arrows
Comestibles
 c - 2 rations


   Skills:
 - Level 1.1 Fighting
 - Level 1.7 Dodging
 + Level 3.7 Unarmed Combat
 - Level 2.0 Spellcasting
 - Level 2.0 Transmutations


You had 4 spell levels left.
You knew the following spells:

 Your Spells              Type           Power        Failure   Level  Hunger
a - Beastly Appendage     Tmut           #.....       11%         1    ##.....

Your spell library contained the following spells:

 Spells                   Type           Power        Failure   Level  Hunger
 Sticks to Snakes         Tmut           #.......     17%         2    ###....
 Spider Form              Tmut/Pois      #.........   45%         3    ####...
 Ice Form                 Ice/Tmut       #.......     86%         4    #####..
 Blade Hands              Tmut           #.........   97%         5    ######.


Dungeon Overview and Level Annotations

Branches:
Dungeon (1/15)

Altars:


Innate Abilities, Weirdness & Mutations

Your plain brown scales are hard. (AC +4)
You cannot fit into any form of body armour.
You are cold-blooded and may be slowed by cold attacks.
You have claws for feet.


Message History

The leopard gecko bites you.
* * * LOW HITPOINT WARNING * * *
The leopard gecko bites you.
* * * LOW HITPOINT WARNING * * *
Casting: Beastly Appendage (safe; 11% risk of failure)
Confirm with . or Enter, or press ? or * to list all spells.
Your feet morph into talons.
The leopard gecko bites you but does no damage.
You hit the leopard gecko but do no damage.
The leopard gecko is heavily wounded.
The leopard gecko completely misses you.
You hit the leopard gecko. Your punch misses the leopard gecko.
The leopard gecko is severely wounded.
The gnoll hits you from afar with a +0 spear.
* * * LOW HITPOINT WARNING * * *
The leopard gecko closely misses you.
You closely miss the leopard gecko.
The leopard gecko is severely wounded.
The gnoll hits you from afar with a +0 spear.
You die...

......$....##..#
...........###.#
...........#
#.###....#
...........#
#..##....#
...###...###
##.##....#
##########
#.##....#
#..<..#
#g##....#
#.....#
#l##....#
#.....#
#.@#.)..#
###'#######
##.#....#
≈≈≈.≈≈≈≈≈≈≈
#...(..#
P♣≈.≈♣♣PP.P
##.###.#
..≈.≈PPP.♣P
#..##.#
≈≈≈.≈≈≈≈≈≈
##.##.#
≈.....≈≈≈≈≈
#..#.#
≈.###.≈♣♣♣P
##.#.#
≈.#§#.≈♣♣..
#...#


You could see a gnoll and a leopard gecko.

Vanquished Creatures
  An ooze (D:1)
  A goblin (D:1)
  3 hobgoblins (D:1)
  2 bats (D:1)
  2 frilled lizards (D:1)
  A kobold (D:1)
10 creatures vanquished.

Notes
Turn   | Place    | Note
-------+----------+-------------------------------------------
     0 | D:1      | HAL9000 the Draconian Transmuter began the quest for the
                  | Orb.
     0 | D:1      | Reached XP level 1. HP: 16/16 MP: 3/3
   270 | D:1      | Reached XP level 2. HP: 21/23 MP: 3/5
   316 | D:1      | HP: 1/23 [gnoll/+0 spear (2)]
   317 | D:1      | Slain by a gnoll

Levels and vault maps discovered:
D:1:      lightli_arrival_farm, layout_basic

Action                   || total
-------------------------++-------
Melee: Unarmed           ||    41
       Tailslap          ||     2
       Headbutt          ||     1
       Punch             ||     1
 Cast: Beastly Appendage ||     6
Armor: Skin              ||    20
Dodge: Dodged            ||    42

Table legend:
 A = Non-vault XP
 B = Vault XP
 C = Vault XP percentage of total XP
 D = Non-vault monster count
 E = Vault monster count
 F = Vault count percentage of total count
                 A         B        C        D         E       F
            +---------+---------+-------+---------+---------+-------
      Total |      20 |       0 |   0.0 |      10 |       0 |   0.0
            +---------+---------+-------+---------+---------+-------
        D:1 |      20 |       0 |   0.0 |      10 |       0 |   0.0
            +---------+---------+-------+---------+---------+-------
